 Dungeon Crawl Stone Soup version 0.14-a0-3154-g428849b (webtiles) character file.

622 4tharraofdagon the Basher (level 7, 0/76 HPs)
             Began as an Ogre Berserker on Mar 9, 2014.
             Was a Believer of Trog.
             Slain by a killer bee (9 damage)
             ... on Level 9 of the Dungeon.
             The game lasted 00:06:47 (1429 turns).

4tharraofdagon the Basher (Ogre Berserker)          Turns: 1429, Time: 00:06:48

HP   0/76        AC  3     Str 25      XL: 7   Next:  9%
MP   7/7         EV 10     Int  6      God: Trog [**....]
Gold 153         SH  0     Dex  9      Spells:  0 memorised,  6 levels left

rFire  . . .     SeeInvis .     k - +1,+0 flail
rCold  . . .     Clarity  .     b - +0 animal skin
rNeg   + . .     Conserve .     (shield restricted)
rPois  .         rCorr    .     (helmet restricted)
rElec  .         rRot     .     (no cloak)
SustAb . .       Spirit   .     (gloves unavailable)
rMut   .         Warding  .     (boots unavailable)
Saprov + . .     Stasis   .     (no amulet)
MR     ++...                    (no ring)
                                n - ring of positive energy {unknown}

@: regenerating, about to teleport, lethally poisoned, very resistant to hostile
enchantments, very unstealthy
A: unfitting armour, icy blue scales 1, deformed body, fast metabolism 1,
saprovore 1, tough skin 1
a: Burn Spellbooks, Berserk, Trog's Hand, Renounce Religion


You were on level 9 of the Dungeon.
You worshipped Trog.
Trog was pleased with you.
You were not hungry.

You visited 1 branch of the dungeon, and saw 9 of its levels.

You collected 213 gold pieces.
You spent 60 gold pieces at shops.

Inventory:

Hand weapons
 a - a +0,+0 mace
 e - a +0,+0 mace
 k - a +1,+0 flail (weapon)
 l - a +0,+0 flail
Missiles
 g - 4 javelins (quivered)
 h - 8 needles of sleeping
Armour
 b - a +0 animal skin (worn)
Comestibles
 c - a meat ration
 j - 2 bread rations
 u - a choko
 w - 5 chunks of centaur flesh
Scrolls
 f - 2 scrolls of identify
Jewellery
 n - a ring of positive energy (left hand) {unknown}
Potions
 m - a potion of might
 p - 3 potions of curing {unknown}
 r - 3 potions of heal wounds
 v - a potion of degeneration {unknown}
Books
 s - a book of Unlife

   Spells                             Type                      Level
   Recall                             Summoning/Translocation      3
   Animate Dead                       Necromancy                   4
   Control Undead                     Necromancy                   4
   Twisted Resurrection               Necromancy                   5
   Death Channel                      Necromancy                   6
   Simulacrum                         Ice/Necromancy               6
   Trog disapproves of the use of such an item.


   Skills:
 + Level 6.6 Fighting
 * Level 8.8 Maces & Flails
 - Level 2.9 Dodging


You had 6 spell levels left.
You didn't know any spells.

Dungeon Overview and Level Annotations

Branches:
Dungeon (9/16)               Lair (0/8) D:9
 Temple: D:4-7          Orc: D:9-12

Altars:
Yredelemnul

Shops:
D:4 !   D:9 %


Innate Abilities, Weirdness & Mutations

You are too large for most types of armour.
You have a fast metabolism.
You can tolerate rotten meat.
You have tough skin (AC +1).
You are partially covered in icy blue scales (AC +1).
Armour fits poorly on your strangely shaped body.


Message History

As you read the scroll labeled FOTUMI CLOOTE, it crumbles to dust.
You feel strangely unstable.
It was a scroll of teleportation.
The killer bee completely misses you. The killer bee stings you.
The killer bee barely misses you. The worker ant closely misses you.
The killer bee stings you but does no damage.
Unknown command.
Use which ability? (? or * to list)
Your skin crawls.
You feel resistant to hostile enchantments.
You feel slightly more hungry. The killer bee barely misses you.
The killer bee stings you! The killer bee stings you.
You are poisoned.
The killer bee poisons you! The killer bee stings you.
* * * LOW HITPOINT WARNING * * *
The worker ant bites you!
* * * LOW HITPOINT WARNING * * *
You are lethally poisoned!
The worker ant poisons you! The killer bee closely misses you.
The killer bee stings you!
You die...

#.........,,***,,,* *_,
##............**,,,* *≈*
##..............*,,,* ***
##................,,,* *,
######..................,,******,
........................,,,,,,,,,
................k.......,********
..####.........§ka......#*
..#...#........§@kk.....#
..#...#........§§k......#
..#...#.#.......§.......*
..#...#.##..............*********
..#...#.###∩............,,,,,,,,,
..#,,.#.# ##...........,,,,,,,,,,
..#,,,*,* ##.........,,,,,,,,,,,
..#*+**,* ##..#....,,,********,
...,,,,,* ####...,,,,*,,,,,,*,


You could see a worker ant and 5 killer bees.

Vanquished Creatures
  A hungry ghost (D:8)
  A centaur (D:8)
  A giant frog (D:6)
  2 worker ants
  A hound (D:5)
  An iguana (D:4)
  A gnoll (D:8)
  2 adders
  2 worms
  2 giant geckos
  6 orcs
  3 hobgoblins
  A jackal (D:9)
  4 kobolds
  3 quokkas
  6 bats
  2 giant newts
  A goblin (D:2)
  A hobgoblin zombie (D:8)
  A quokka skeleton (D:8)
  7 rats
  A ballistomycete (D:6)
50 creatures vanquished.

Vanquished Creatures (others)
  A giant spore (D:6)
1 creature vanquished.

Grand Total: 51 creatures vanquished

Notes
Turn   | Place    | Note
--------------------------------------------------------------
     0 | D:1      | 4tharraofdagon, the Ogre Berserker, began the quest for the Orb.
     0 | D:1      | Reached XP level 1. HP: 24/24 MP: 1/1
   104 | D:2      | Found a basalt altar of Yredelemnul.
   201 | D:2      | Reached XP level 2. HP: 31/33 MP: 2/2
   460 | D:3      | Reached skill level 5 in Maces & Flails
   460 | D:3      | Reached XP level 3. HP: 20/40 MP: 3/3
   495 | D:4      | Acquired Trog's second power
   637 | D:4      | Found Deurel's Distillery.
   647 | D:4      | Bought a potion of mutation for 30 gold pieces
   648 | D:4      | Gained mutation: Armour fits poorly on your strangely shaped body. [potion of mutation]
   648 | D:4      | Gained mutation: You are partially covered in icy blue scales (AC +1). [potion of mutation]
   649 | D:4      | Bought a potion of might for 30 gold pieces
   760 | D:4      | Reached XP level 4. HP: 44/49 MP: 4/4
   848 | D:4      | Reached skill level 6 in Maces & Flails
   915 | D:5      | Entered Level 5 of the Dungeon
   920 | D:5      | Reached skill level 5 in Fighting
  1012 | D:6      | Noticed a giant frog
  1022 | D:6      | Killed a giant frog
  1022 | D:6      | Reached XP level 5. HP: 51/57 MP: 5/5
  1046 | D:6      | Reached skill level 7 in Maces & Flails
  1100 | D:6      | You fall through a shaft!
  1184 | D:6      | Noticed a centaur
  1222 | D:8      | Reached XP level 6. HP: 57/67 MP: 6/6
  1266 | D:8      | Noticed a centaur
  1274 | D:8      | Killed a centaur
  1274 | D:8      | Reached skill level 8 in Maces & Flails
  1316 | D:8      | Noticed a hungry ghost
  1332 | D:8      | Killed a hungry ghost
  1332 | D:8      | Reached XP level 7. HP: 61/76 MP: 7/7
  1367 | D:9      | Found a staircase to the Lair.
  1412 | D:9      | Found Ergher's Food Emporium.
  1429 | D:9      | Slain by a killer bee

Action                   |  1- 3 |  4- 6 |  7- 9 || total
-------------------------+-------+-------+-------++-------
Melee: Mace              |    65 |       |       ||    65
       Flail             |    16 |    64 |    19 ||    99
Invok: Berserk           |     3 |     4 |       ||     7
       Trog's Hand       |       |       |     3 ||     3
  Use: Potion            |     1 |       |       ||     1
       Scroll            |       |       |     7 ||     7
 Stab: Sleeping          |     1 |       |       ||     1
